 Dungeon Crawl Stone Soup version 0.23-a0-141-g456867d (webtiles) character file.

29 galech the Skirmisher (level 3, 29/29 HPs)
             Began as a Demonspawn Monk on Aug 31, 2018.
             Quit the game on level 2 of the Dungeon.
             The game lasted 00:02:06 (1343 turns).

galech the Skirmisher (Demonspawn Monk)             Turns: 1343, Time: 00:02:07

Health: 29/29      AC:  6    Str: 11    XL:     3   Next: 1%
Magic:  3/3        EV: 11    Int: 11    God:
Gold:   75         SH:  0    Dex: 16    Spells: 2/2 levels left

rFire    . . .     SeeInvis .   a - +0 hand axe
rCold    . . .     Gourm    .   (no shield)
rNeg     . . .     Faith    .   o - +0 ring mail
rPois    .         Spirit   .   m - +0 helmet
rElec    .         Reflect  .   (no cloak)
rCorr    .         Harm     .   (no gloves)
MR       .....                  (no boots)
Stlth    +.........             n - amulet of inaccuracy (curse)
HPRegen  0.09/turn              (no ring)
MPRegen  0.08/turn              (no ring)

@: no status effects
A: claws 1, rot immunity
a: no special abilities


You were on level 2 of the Dungeon.
You were not hungry.

You visited 1 branch of the dungeon, and saw 2 of its levels.

You collected 75 gold pieces.

Inventory:

Hand Weapons
 a - a +0 hand axe (weapon)
Armour
 m - a +0 helmet (worn)
 o - a +0 ring mail (worn)
Jewellery
 n - a cursed amulet of inaccuracy (around neck)
Scrolls
 d - 2 scrolls of noise
 j - 2 scrolls of teleportation
 l - a scroll of fog
Potions
 b - a potion of lignification {unknown}
 e - a potion of heal wounds {unknown}
 f - 3 potions of degeneration {unknown}
 g - a potion of cancellation {unknown}
 h - a potion of curing {unknown}
 k - 2 potions of brilliance {unknown}
Comestibles
 c - 3 rations


   Skills:
 + Level 3.3 Fighting
 + Level 3.2 Axes
 + Level 0.2 Armour
 + Level 3.0 Dodging
 + Level 2.0 Stealth


You had 2 spell levels left.
You didn't know any spells.
Your spell library was empty.

Dungeon Overview and Level Annotations

Branches:
Dungeon (2/15)

Altars:


Innate Abilities, Weirdness & Mutations

You have sharp fingernails.
You are immune to rotting.


Message History

Your Dodging skill increases to level 3!
You start resting.
HP restored.
A kobold comes into view. It is wielding a whip.
The kobold shouts!
Found a scroll of identify.
The kobold closely misses you.
You barely miss the kobold. The kobold barely misses you.
You closely miss the kobold. The kobold barely misses you.
You barely miss the kobold. The kobold hits you but does no damage.
You miss the kobold. The kobold completely misses you.
The kobold closely misses you.
You hit the kobold.
You kill the kobold!
You have reached level 3!
Your experience leads to an increase in your attributes!
Increase (S)trength, (I)ntelligence, or (D)exterity?
You feel agile.
Your demonic ancestry asserts itself...
Your fingernails lengthen.
Are you sure you want to abandon this character and quit the game? (Confirm

###.#.......<#...#
..#.....#.#.##.###
....#...#... ....
.(..############..
## ....'....... .
#.# ..#
....########
#.#.##..###
....###
#.#........
....'.#
#.)........
....#.# #@.?.....
....#.# #.#......
#####.#### #.#
.....
#....#######.#
####
####(#.......#
########'#.#...###
.........(.#...#
...........#...#
.........(.#...#


There were no monsters in sight!

Vanquished Creatures
  An adder (D:2)
  A worm (D:2)
  A leopard gecko (D:1)
  A goblin (D:1)
  A hobgoblin (D:1)
  5 kobolds
  A quokka (D:2)
  A bat (D:1)
  A quokka zombie (D:2)
  4 rats
17 creatures vanquished.

Notes
Turn   | Place    | Note
-------+----------+-------------------------------------------
     0 | D:1      | galech the Demonspawn Monk began the quest for the Orb.
     0 | D:1      | Reached XP level 1. HP: 18/18 MP: 1/1
   413 | D:1      | Gained mutation: You are immune to rotting. [demonic
                  | ancestry]
   413 | D:1      | Reached XP level 2. HP: 13/24 MP: 2/2
  1126 | D:2      | Found a faded altar of an unknown god.
  1342 | D:2      | Gained mutation: You have sharp fingernails. [demonic
                  | ancestry]
  1342 | D:2      | Reached XP level 3. HP: 29/29 MP: 3/3
  1343 | D:2      | Quit the game

Vault maps used:
D:1:      lemuel_arrival_funnel, kennysheep_small_spiral
D:2:      minitemple, chequers_ecumenical_altar_lobes,
          minmay_misc_feat_four_crosses, kennysheep_slug_shrine, uniq_sigmund

Skill      XL: |  1  2 |
---------------+-------+-----
Axes           | 3 |  3.2
Stealth        | 2 |  2.0
Dodging        | 3 |  3.0
Fighting       | |  3.3
Armour         | |  0.2

Action                   || total
-------------------------++-------
Melee: Hand axe          ||   107
  Use: Scroll            ||     3
 Stab: Sleeping          ||     2
  Eat: Chunk             ||     1
Armor: Robe              ||     5
       Ring mail         ||    24
Dodge: Dodged            ||    67

Table legend:
 A = Non-vault XP
 B = Vault XP
 C = Vault XP percentage of total XP
 D = Non-vault monster count
 E = Vault monster count
 F = Vault count percentage of total count
                 A         B        C        D         E       F
            +---------+---------+-------+---------+---------+-------
      Total |      42 |       0 |   0.0 |      17 |       0 |   0.0
            +---------+---------+-------+---------+---------+-------
        D:1 |      14 |       0 |   0.0 |       8 |       0 |   0.0
        D:2 |      28 |       0 |   0.0 |       9 |       0 |   0.0
            +---------+---------+-------+---------+---------+-------
